 Dungeon Crawl Stone Soup version 0.31-a0-232-gb1c03b2570 (webtiles) character file.

Game seed: 4944489136585417135

44 qw the Shooter (level 3, -9/21 HPs)
             Began as a Gargoyle Hexslinger on July 7, 2023.
             Mangled by an ogre
             ... wielding a +0 giant club
              (21 damage)
             ... on level 2 of the Dungeon.
             The game lasted 00:00:27 (1363 turns).

qw the Shooter (Gargoyle Hexslinger)                Turns: 1363, Time: 00:00:27

Health: -9/21      AC:  7    Str: 17    XL:     3   Next: 60%
Magic:  4/4        EV: 11    Int: 13    God:
Gold:   149        SH:  0    Dex: 14    Spells: 3/4 levels left

rFire   . . .        Y - +1 sling
rCold   . . .        (no shield)
rNeg    + . .        i - +0 leather armour
rPois   inf          (no helmet)
rElec   +            h - +0 cloak
rCorr   .            (no gloves)
SInv    .            (no boots)
Will    .....        (no amulet)
Stlth   +            f - +6 ring of strength
HPRegen 0.23/turn    (no ring)
MPRegen 0.09/turn

%: no passive effects
@: no status effects
A: sickness immunity, AC +3, negative energy resistance 1, electricity
resistance, torment resistance 1, petrification resistance
a: no special abilities


You were on level 2 of the Dungeon.
You visited 1 branch of the dungeon, and saw 2 of its levels.

You collected 149 gold pieces.


Innate Abilities, Weirdness & Mutations

You are immune to sickness and miasma.
Your stone body is resilient. (AC +3)
You are immune to poison.
You resist negative energy. (rN+)
You are resistant to electric shocks. (rElec)
You are resistant to unholy torment.
You are immune to petrification.


   Skills:
 - Level 2.0 Fighting
 + Level 3.5 Ranged Weapons
 - Level 1.5 Dodging
 - Level 1.0 Spellcasting
 - Level 2.6 Hexes


You had 3 spell levels left.
You knew the following spells:

 Your Spells              Type           Power      Damage    Failure   Level
a - Slow                  Hex            28%        N/A       12%         1

Your spell library contained the following spells:

 Spells                   Type           Power      Damage    Failure   Level
 Inner Flame              Hex/Fire       4%         N/A       52%         3
 Portal Projectile        Hex/Tloc       8%         N/A       52%         3
 Cause Fear               Hex            3%         N/A       75%         4

Inventory:

Hand Weapons
 Y - a +1 sling (weapon)
Armour
 h - a +0 cloak (worn)
 i - a +0 leather armour (worn)
Jewellery
 f - a +6 ring of strength (left hand)
Scrolls
 b - 2 scrolls of enchant armour {unknown}
Potions
 a - 2 potions of curing {unknown}
 c - a potion of enlightenment {unknown}
 d - a potion of lignification {unknown}

Dungeon Overview and Level Annotations

Branches:
Dungeon (2/15)

Altars:

Shops:
D:1 [


Message History

Enter note:
Enter note:
Enter note:
Enter note:
Things that are here:
a +0 club; a goblin corpse You see here a +0 robe.
c - a sedimented sapphire potion
Enter note:
Enter note:
Enter note:
Enter note:
Enter note:
Enter note:
Enter note:
Enter note:
Enter note: An ogre comes into view. It is wielding a +0 giant club.
Enter note:
Enter note:
Enter note:
Enter note:
Enter note:
Enter note:
Enter note:
Enter note:
Enter note: You shoot a sling bullet.
The sling bullet hits the ogre!
The ogre is moderately wounded.
You shoot a sling bullet. The sling bullet hits the ogre.
The ogre is heavily wounded.
The ogre hits you with a +0 giant club!
You shoot a sling bullet. The sling bullet hits the ogre.
The ogre is severely wounded.
The ogre closely misses you.
You shoot a sling bullet. The sling bullet hits the ogre.
The ogre is almost dead.
The ogre hits you with a +0 giant club!!
Ouch! That really hurt!
You die...

..................#########.#
.##.#.#########.............#
###.#.# ......#.#############
###.#.# ................
....#.# #####.#.########
##..#.. ..............<#
#..###########[.####### #..#
#..........#
#..###.########@# #....#.#
#..O.# #.##.#.##....####
#......##... ####.####.. #.#
#. #.# # #.# #.#


You could see an ogre.

Vanquished Creatures
  An adder (D:2)
  4 worms (D:2)
  A ball python (D:2)
  A bat (D:2)
  2 giant cockroaches (D:1)
  3 goblins
  6 hobgoblins
  A frilled lizard (D:1)
  2 rats
21 creatures vanquished.

Notes
Turn   | Place    | Note
-------+----------+-------------------------------------------
     0 | D:1      | qw the Gargoyle Hexslinger began the quest for the Orb.
     0 | D:1      | Reached XP level 1. HP: 12/12 MP: 2/2
     0 | D:1      | 0 ||| qw: Version: 0.3-a-46-gb1f654a
     0 | D:1      | 0 ||| qw: Game counter: 2948
     0 | D:1      | 0 ||| qw: Melee chars always use a shield: true
     0 | D:1      | 0 ||| qw: God list: Okawaru
     0 | D:1      | 0 ||| qw: Allow faded altars: false
     0 | D:1      | 0 ||| qw: Do Orc after clearing Dungeon:15 true
     0 | D:1      | 0 ||| qw: Do second Lair branch before Depths: true
     0 | D:1      | 0 ||| qw: Lair rune preference: random
     0 | D:1      | 0 ||| qw: Goals: Normal
     0 | D:1      | 0 ||| PLANNING D:1-11
   516 | D:1      | Reached XP level 2. HP: 16/16 MP: 3/3
   644 | D:1      | Found Keyzin's Armour Emporium.
   652 | D:1      | 652 ||| SHOPLISTING +0 pair of boots (63 gold, have 47).
   652 | D:1      | 652 ||| SHOPLISTING +1 pair of boots (161 gold, have 47).
   652 | D:1      | 652 ||| SHOPLISTING +2 leather armour of fire resistance
                  | (266 gold, have 47).
   652 | D:1      | 652 ||| SHOPLISTING +2 robe of positive energy (205 gold,
                  | have 47).
   848 | D:1      | 848 ||| UPGRADING to +0 cloak.
   853 | D:1      | 853 ||| UPGRADING to +0 leather armour.
   863 | D:1      | 863 ||| DROPPING +0 robe.
   864 | D:1      | 864 ||| UPGRADING to +6 ring of strength.
   865 | D:1      | 865 ||| READING scroll labelled SUISSU CYDISONOCW.
   866 | D:1      | 866 ||| READING scroll labelled JUOTWA VI YLEH.
   867 | D:1      | 867 ||| READING scroll labelled GED FUIPHOI.
   872 | D:1      | 872 ||| READING scroll labelled ITSAOVU KUSIM.
   873 | D:1      | 873 ||| DROPPING scroll of poison.
   930 | D:2      | Reached skill level 3 in Ranged Weapons
  1003 | D:2      | Reached XP level 3. HP: 21/21 MP: 4/4
  1359 | D:2      | Noticed an ogre
  1363 | D:2      | Mangled by an ogre

Levels and vault maps discovered:
D:1:      minmay_arrival_glassed_features, layout_loops_corners, serial_shops,
          nicolae_shop_peninsula, dk_noncrumbling_3, kennysheep_small_spiral
D:2:      layout_basic, dreamdust_ecumenical_altar_grove

Skill      XL: |  1  2  3 |
---------------+----------+-----
Ranged Weapons | 3 |  3.5
Fighting       | 2 |  2.0
Dodging        | |  1.5
Spellcasting   | |  1.0
Hexes          | |  2.6

Action                     || total
---------------------------++-------
   Fire: Sling             ||   105
    Use: Scroll            ||     4
 Armour: Robe              ||     2
         Leather armour    ||    13
  Dodge: Dodged            ||    25

Table legend:
 A = Non-vault XP
 B = Vault XP
 C = Vault XP percentage of total XP
 D = Non-vault monster count
 E = Vault monster count
 F = Vault count percentage of total count
                 A         B        C        D         E       F
            +---------+---------+-------+---------+---------+-------
      Total |      63 |       0 |   0.0 |      21 |       0 |   0.0
            +---------+---------+-------+---------+---------+-------
        D:1 |      14 |       0 |   0.0 |       8 |       0 |   0.0
        D:2 |      49 |       0 |   0.0 |      13 |       0 |   0.0
            +---------+---------+-------+---------+---------+-------
